 Dungeon Sprint DCSS version 0.30-a0-777-ga9a30cbeda (webtiles) character file.

Game seed: 3414212847402350077

196 sircluck the Cleaver (level 5, 0/52 HPs)
             Began as a Hill Orc Fighter on Feb 13, 2023.
             Killed by nerve-wracking pain
             ... invoked by Grinder
              (14 damage)
             ... in the Dungeon (Sprint VII: "The Pits").
             The game lasted 00:02:05 (368 turns).

sircluck the Cleaver (Hill Orc Fighter)              Turns: 368, Time: 00:02:06

Health: 0/52       AC: 13    Str: 21    XL:     5   Next: 75%
Magic:  5/5        EV:  8    Int:  8    God:
Gold:   0          SH:  5    Dex: 10    Spells: 4/4 levels left

rFire   . . .      SeeInvis .    r - +2 hand axe (freeze)
rCold   . . .      Faith    .    c - +0 buckler
rNeg    . . .      Spirit   .    e - +3 chain mail
rPois   .          Reflect  .    (no helmet)
rElec   .          Harm     .    (no cloak)
rCorr   .          Rampage  .    (no gloves)
Will    .....      NoTele   +    (no boots) Stlth
                                 (no amulet)
HPRegen 0.28/turn                (no ring)
MPRegen 0.09/turn                (no ring)

@: no status effects
A: no striking features
a: no special abilities


You were in the Dungeon.
You visited 1 branch

Inventory:

Hand Weapons
 a - a +0 war axe
 k - a +2 hand axe of freezing
 r - a +2 hand axe of freezing (weapon)
Missiles
 o - 10 stones (quivered)
Armour
 b - a +0 scale mail
 c - a +0 buckler (worn)
 e - a +3 chain mail (worn)
 p - a +3 scale mail
Scrolls
 j - a scroll of blinking
 m - 5 scrolls of amnesia
 n - a scroll of summoning
Potions
 d - a potion of might
 f - 3 potions of heal wounds
 g - a potion of haste
 h - 4 potions of magic
 i - 3 potions of berserk rage
 l - 2 potions of invisibility
 q - 4 potions of curing


   Skills:
 + Level 7.1 Fighting
 + Level 8.2 Axes
 + Level 7.6 Armour
 + Level 1.7 Dodging
 + Level 0.4 Stealth
 + Level 5.9 Shields


You had 4 spell levels left.
You didn't know any spells.
Your spell library was empty.

Dungeon Overview and Level Annotations

Branches:
Dungeon (1/1)

Altars:
Ashenzari
Cheibriados
Dithmenos
Elyvilon
Fedhas
Gozag
Hepliaklqana
Kikubaaqudgha
Makhleb
Nemelex Xobeh
Okawaru
Qazlal
Ru
Sif Muna
Trog
Uskayaw
Vehumet
Wu Jian
Xom
Yredelemnul
Zin
The Shining One
Beogh
Jiyva
Lugonu

Annotations:
D Grinder


Message History

The sky beast is severely wounded.
You closely miss Grinder.
The sky beast hits you but does no damage.
Grinder gestures at you.
You suddenly lose the ability to move!
The sky beast hits you but does no damage.
Grinder blinks!
The sky beast flickers out of sight!
Deactivating autopickup; reactivate with Ctrl-A.
Something hits you but does no damage. Something hits you but does no damage.
Grinder blinks!
Something hits you but does no damage.
You can move again.
You slash something! You freeze something.
Reactivating autopickup.
You feel a bit more experienced. Grinder gestures at you.
Pain shoots through your body!
Your Fighting skill increases to level 7!
Your Axes skill gained 2 levels and is now at level 8!
Your Armour skill increases to level 7!
You have reached level 5!
You feel stronger.
You start resting.
Grinder is nearby!
You closely miss Grinder.
Grinder is moderately wounded.
Grinder closely misses you.
You slash Grinder!
Grinder is heavily wounded.
Grinder hits you.
You writhe in agony.
* * * LOW HITPOINT WARNING * * *
You slash Grinder!
Grinder is severely wounded.
Grinder blinks!
You start resting.
Grinder is nearby!
Grinder gestures at you. Pain shoots through your body!
You die...

#.#.....#).#####'###
#.###'###))##.......
#.#.....#))##.......
#.#.....#..##.......
#.####'##'###...<...
#.#..†.†...##.......
#.#..).†...##.......
#'###########.......
#.†@....# ########
#.5###..# #.... .#
##.### # ... ..##
#... ####


You could see Grinder.

Vanquished Creatures
  A sky beast (D)
  A crimson imp (D)
  A jelly (D)
  An adder (D)
  A river rat (D)
  2 ufetubi (D)
  2 orcs (D)
  A bat (D)
  A bat skeleton (D)
  A quokka (D)
12 creatures vanquished.

Notes
Turn   | Place    | Note
-------+----------+-------------------------------------------
     0 | D        | sircluck the Hill Orc Fighter began the quest for the Orb.
     0 | D        | Reached XP level 1. HP: 19/19 MP: 1/1
    74 | D        | Found a bloodstained altar of Trog.
    74 | D        | Found a shimmering blue altar of Sif Muna.
    74 | D        | Found a viscous altar of Jiyva.
    74 | D        | Found a hazy altar of Hepliaklqana.
    74 | D        | Found an opulent altar of Gozag.
    75 | D        | Found a glowing golden altar of the Shining One.
    75 | D        | Found a glowing silver altar of Zin.
    75 | D        | Found a basalt altar of Yredelemnul.
    75 | D        | Found a shimmering altar of Xom.
    75 | D        | Found an ornate altar of the Wu Jian Council.
    75 | D        | Found a sacrificial altar of Ru.
    75 | D        | Found a stormy altar of Qazlal.
    75 | D        | Found an iron altar of Okawaru.
    75 | D        | Found a sparkling altar of Nemelex Xobeh.
    75 | D        | Found a burning altar of Makhleb.
    75 | D        | Found a blossoming altar of Fedhas.
    75 | D        | Found a white marble altar of Elyvilon.
    75 | D        | Found a shadowy altar of Dithmenos.
    75 | D        | Found a snail-covered altar of Cheibriados.
    87 | D        | HP: 1/20 [ufetubus (2)]
    88 | D        | Reached skill level 3 in Axes
    88 | D        | Reached XP level 2. HP: 2/28 MP: 2/2
    97 | D        | Found a radiant altar of Vehumet.
    97 | D        | Found a corrupted altar of Lugonu.
    97 | D        | Found a roughly hewn altar of Beogh.
    98 | D        | Found a hide-covered altar of Uskayaw.
    98 | D        | Found an ancient bone altar of Kikubaaqudgha.
    98 | D        | Found a broken altar of Ashenzari.
   125 | D        | Reached skill level 5 in Armour
   125 | D        | Reached XP level 3. HP: 9/35 MP: 3/3
   242 | D        | Reached skill level 5 in Fighting
   242 | D        | Reached skill level 4 in Axes
   307 | D        | Noticed a sky beast
   309 | D        | Noticed Grinder
   315 | D        | Reached skill level 5 in Axes
   315 | D        | Reached skill level 5 in Shields
   315 | D        | Reached XP level 4. HP: 32/44 MP: 4/4
   319 | D        | Reached skill level 6 in Axes
   319 | D        | Reached skill level 1 in Dodging
   339 | D        | Paralysed by Grinder for 2 turns
   354 | D        | Paralysed by Grinder for 5 turns
   359 | D        | Killed a sky beast
   360 | D        | Reached skill level 8 in Axes
   360 | D        | Reached XP level 5. HP: 19/52 MP: 5/5
   368 | D        | Killed from afar by Grinder

Illustrated notes

Levels and vault maps discovered:
D:        pitsprint [storerooms_1, entrance_room_1, metal_vault_2, armoury_2,
          mini_pit_1, grid_room_1, main_hall_1, silver_pit, the_coven_3,
          the_vestibule_1, steel_vault_1, golden_pit, hallway_of_sentries,
          crystal_vault_2, iron_vault_4, final_vault]

Skill      XL: |  1  2  3  4 |
---------------+-------------+-----
Fighting       | 4 5 7 |  7.1
Axes           | 3 5 8 |  8.2
Armour         | 4 5 6 7 |  7.6
Shields        | 4 5 |  5.9
Dodging        | 1 |  1.7
Stealth        | |  0.4

Action                     |  1- 3 |  4- 6 || total
---------------------------+-------+-------++-------
  Melee: War axe           |    27 |       ||    27
         Hand axe          |     4 |    37 ||    41
    Use: Potion            |     1 |     4 ||     5
 Armour: Scale mail        |    24 |       ||    24
         Chain mail        |     5 |    40 ||    45
  Dodge: Dodged            |    31 |    10 ||    41
  Block: Buckler           |    13 |     6 ||    19

Table legend: (Time is in decaauts)
 A = Elapsed time spent in this place.
 B = Non-inter-level travel time spent in this place.
 C = Inter-level travel time spent in this place.
 D = Time resting spent in this place.
 E = Time spent auto-exploring this place.
 F = Levels seen in this place.
 G = Mean time per level.
                   A        B        C        D        E       F      G
               +--------+--------+--------+--------+--------+-----+--------+
         Total |    379 |    352 |     27 |    102 |     49 |   1 |  379.0 |
       Dungeon |    379 |    352 |     27 |    102 |     49 |   1 |  379.0 |
               +--------+--------+--------+--------+--------+-----+--------+

Top non-repeatable levels by time:
       D: 379 daAuts
